AoeStats
← 海旋风

QS Arena

503134034Analyzed
4v4 RM · 1mo ago on Aug 30, 2026· 46m 1s· 8 players
Game mode
Random Map
Map size
Large (8 player)
Population
200
Speed
Normal
Resources
Standard
Victory
Conquest
Starting age
Dark Age
Ending age
Imperial Age
RankedLock teamsTeams togetherTeam positionsShared explorationLock speedFull tech treeHidden civsTurbo modeCheats
Victory
Defeat
🇨🇳 Malay · China
910
+13
🇨🇳 Franks · China
877
+15
🇦🇺 Magyars · Australia
835
+17
🇫🇷 Teutons · France
834
+17
🇹🇼 Poles · Taiwan
890
-17
🇮🇳 Mongols · India
854
-23
🇨🇳 Ethiopians · China
832
-16
🇧🇷 Franks · Brazil
812
-14
genghiss
1:07 Loom
8:12 Feudal Age
13:18 Horse Collar
wku7535931
3:03 Loom
3:03 Loom
8:33 Feudal Age
12:37 Castle Age
10:36 Horse Collar
11:54 Double-Bit Axe
13:34 Bow Saw
13:47 Heavy Plow
18:23 Wheelbarrow
20:31 Hand Cart
27:42 Imperial Age
24:59 Town Watch
25:01 Loom
25:33 Forging
25:24 Scale Mail Armor
25:31 Scale Barding Armor
26:42 Husbandry
26:55 Bloodlines
27:27 Iron Casting
26:43 Light Cavalry
28:08 Chain Barding Armor
29:59 Blast Furnace
28:29 Winged Hussar
29:46 Crop Rotation
30:02 Fletching
30:49 Conscription
33:44 Chemistry
32:50 Siege Engineers
33:05 Ballistics
33:14 Bodkin Arrow
33:19 Padded Archer Armor
33:48 Lechitic Legacy
38:53 Bracer
39:08 Leather Archer Armor
39:57 Elite Obuch
42:26 Scale Mail Armor
ylucym41
8:17 Feudal Age
9:40 Double-Bit Axe
12:26 Castle Age
11:49 Loom
13:18 Bow Saw
21:32 Wheelbarrow
22:59 Hand Cart
27:03 Scale Barding Armor
26:59 Scale Mail Armor
27:09 Forging
28:36 Arson
28:51 Squires
28:37 Gambesons
28:13 Pikeman
29:31 Husbandry
32:25 Imperial Age
30:00 Gold Mining
30:11 Stone Mining
32:31 Town Watch
33:12 Chain Barding Armor
33:07 Chain Mail Armor
33:28 Iron Casting
32:54 Padded Archer Armor
32:44 Fletching
32:59 Caravan
32:54 Cavalier
34:05 Ballistics
34:46 Chemistry
34:30 Town Patrol
35:10 Plate Barding Armor
34:24 Paladin
35:35 Halberdier
35:37 Halberdier
39:19 Elite Skirmisher
海旋风
10:23 Feudal Age
10:40 Loom
13:22 Double-Bit Axe
16:34 Castle Age
14:24 Horse Collar
18:04 Wheelbarrow
20:41 Hand Cart
23:57 Bow Saw
23:52 Heavy Plow
30:07 Imperial Age
28:25 Light Cavalry
29:40 Padded Archer Armor
29:56 Husbandry
30:01 Gold Mining
31:15 Fletching
31:42 Leather Archer Armor
34:22 Murder Holes
35:28 Chemistry
34:19 Guard Tower
34:49 Ballistics
34:20 Heated Shot
34:43 Fortified Wall
34:26 Halberdier
37:04 Scale Mail Armor
45:58 Squires
SimbaLeRoiDeLaJungle
5:22 Loom
8:10 Feudal Age
14:48 Fletching
21:29 Castle Age
22:24 Double-Bit Axe
22:26 Horse Collar
25:24 Gold Mining
25:52 Town Watch
26:42 Wheelbarrow
27:41 Bow Saw
28:57 Heavy Plow
30:58 Masonry
31:10 Ballistics
30:41 Guard Tower
31:19 Ballistics
36:29 Imperial Age
39:08 Chemistry
38:30 Scale Mail Armor
40:11 Bloodlines
MIKAMI
8:40 Feudal Age
10:54 Double-Bit Axe
15:12 Castle Age
16:15 Bow Saw
16:29 Stone Mining
18:10 Wheelbarrow
23:17 Gold Mining
23:17 Stone Mining
24:12 Hand Cart
27:36 Gold Shaft Mining
30:36 Imperial Age
28:17 Scale Barding Armor
28:13 Scale Mail Armor
28:23 Forging
28:04 Fletching
28:15 Padded Archer Armor
28:32 Loom
29:16 Husbandry
30:49 Chain Barding Armor
31:05 Iron Casting
32:03 Fortified Wall
32:00 Siege Engineers
31:58 Chivalry
32:22 Conscription
33:08 Cavalier
34:07 Caravan
35:05 Paladin
39:50 Plate Barding Armor
40:16 Blast Furnace
42:38 Hoardings
44:10 Chain Mail Armor
44:10 Leather Archer Armor
43:53 Bodkin Arrow
44:32 Coinage
大大大大树
8:52 Feudal Age
13:21 Castle Age
12:17 Double-Bit Axe
12:20 Horse Collar
21:42 Bow Saw
22:09 Wheelbarrow
22:16 Wheelbarrow
23:17 Heavy Plow
23:53 Hand Cart
29:17 Imperial Age
27:00 Forging
27:11 Scale Barding Armor
27:09 Husbandry
28:15 Elite Battle Elephant
30:31 Chemistry
29:41 Gold Mining
30:22 Crop Rotation
30:43 Iron Casting
32:32 Blast Furnace
33:20 Conscription
33:32 Conscription
33:18 Forced Levy
39:11 Crossbowman
39:24 Elite Skirmisher
Cow
8:59 Feudal Age
9:39 Double-Bit Axe
9:38 Horse Collar
11:45 Loom
14:58 Castle Age
14:30 Stone Mining
15:12 Scale Barding Armor
16:21 Husbandry
17:59 Bow Saw
20:37 Corvinian Army
21:25 Heavy Plow
23:23 Chain Barding Armor
25:28 Wheelbarrow
24:53 Gold Mining
25:37 Bloodlines
32:53 Imperial Age
31:55 Gold Shaft Mining
31:14 Fletching
32:16 Bodkin Arrow
34:12 Plate Barding Armor
33:44 Recurve Bow
34:50 Crop Rotation
35:07 Thumb Ring
34:38 Pikeman
35:05 Arson
36:00 Conscription
36:18 Parthian Tactics
36:07 Padded Archer Armor
35:48 Halberdier
40:08 Elite Magyar Huszar
42:27 Leather Archer Armor
42:16 Scale Mail Armor
44:36 Bracer
45:08 Ring Archer Armor
45:33 Heavy Cavalry Archer
Connection lost

Rejoining the realm…

Still unreachable

The connection could not be restored.

Session expired

The server has moved on; the page needs a fresh start.